 Dungeon Crawl Stone Soup version 0.31-a0-949-g57150269e1 (webtiles) character file.

Game seed: 4791515720150685021

117 mattiecakes the Trooper (level 5, -3/36 HPs)
             Began as a Gargoyle Fighter on Oct 22, 2023.
             Slain by a gnoll
             ... wielding a +0 flail
              (6 damage)
             ... on level 2 of the Dungeon.
             The game lasted 00:07:07 (1371 turns).

mattiecakes the Trooper (Gargoyle Fighter)          Turns: 1371, Time: 00:07:08

Health: -3/36      AC: 10    Str: 21    XL:     5   Next: 1%
Magic:  5/5        EV:  9    Int:  9    God:
Gold:   121        SH:  4    Dex:  9    Spells: 4/4 levels left

rFire   . . .        a - +0 flail
rCold   . . .        c - +0 buckler
rNeg    + . .        b - +0 scale mail
rPois   ∞            (no helmet)
rElec   +            (no cloak)
rCorr   .            (no gloves)
SInv    .            (no boots)
Will    .....        (no amulet) Stlth
                     (no ring)
HPRegen 0.26/turn    (no ring)
MPRegen 0.09/turn

%: no passive effects
@: mighty
A: sickness immunity, AC +4, negative energy resistance 1, electricity
resistance, torment resistance 1, petrification resistance
a: no special abilities


You were on level 2 of the Dungeon.
You visited 1 branch of the dungeon, and saw 2 of its levels.

You collected 121 gold pieces.

Inventory:

Hand Weapons
 a - a +0 flail (weapon)
Armour
 b - a +0 scale mail (worn)
 c - a +0 buckler (worn)
Scrolls
 e - a scroll of poison {unknown}
 g - 2 scrolls of identify {unknown}
 h - 2 scrolls of teleportation {unknown}
 i - a scroll of amnesia {unknown}


   Skills:
 + Level 6.1 Fighting
 - Level 2.0 Maces & Flails
 - Level 3.2 Armour
 - Level 3.2 Shields


You had 4 spell levels left.
You didn't know any spells.
Your spell library contained the following spells:

 Spells                   Type           Power      Damage    Failure   Level
 Blink                    Tloc           0%         N/A       90%         2
 Lesser Beckoning         Tloc           0%         N/A       90%         2
 Momentum Strike          Conj/Tloc      0%         3d8       90%         2


Dungeon Overview and Level Annotations

Branches:
Dungeon (2/15)

Altars:

Shops:
D:1 =

Annotations:
D:2 1 runed translucent door, Crazy Yiuf


Innate Abilities, Weirdness & Mutations

You are immune to sickness and miasma.
Your stone body is resilient. (AC +4)
You are immune to poison.
You resist negative energy. (rN+)
You are resistant to electric shocks. (rElec)
You are resistant to unholy torment.
You are immune to petrification.


Message History

You are too injured to fight recklessly!
You are too injured to fight recklessly!
You are too injured to fight recklessly!
Sorry, you're not good enough to have a special ability.
Unknown command.
Sorry, you're not good enough to have a special ability.
Sorry, you're not good enough to have a special ability.
You feel very mighty all of a sudden. The gnoll barely misses you.
The gnoll hits you with a +0 flail.
* * * LOW HITPOINT WARNING * * *
It was a potion of curing.
You feel better. The gnoll barely misses you.
The gnoll hits you but does no damage. The gnoll attacks as it pursues you!
You block the gnoll's attack.
The gnoll hits you from afar with a +0 halberd!
* * * LOW HITPOINT WARNING * * *
You are too injured to fight recklessly!
There are monsters nearby!
You barely miss the gnoll. The gnoll hits you but does no damage.
You bludgeon the gnoll!!
You kill the gnoll!
You block the gnoll's attack.
Your Fighting skill increases to level 6!
You have reached level 5!
The gnoll attacks as it pursues you! You block the gnoll's attack.
Found an escape hatch in the ceiling.
The gnoll attacks as it pursues you! The gnoll hits you but does no damage.
The gnoll attacks as it pursues you! The gnoll completely misses you.
A goblin comes into view. It is wielding a +0 dagger.
The goblin shouts!
The gnoll attacks as it pursues you! The gnoll hits you but does no damage.
The gnoll barely misses you.
The gnoll hits you from afar with a +0 halberd!
* * * LOW HITPOINT WARNING * * *
The gnoll barely misses you.
You aren't carrying any potions.
Sorry, you're not good enough to have a special ability.
The gnoll attacks as it pursues you! The gnoll hits you but does no damage.
The gnoll attacks as it pursues you! The gnoll barely misses you.
The gnoll attacks as it pursues you! The gnoll hits you with a +0 flail.
You die...

#.........##.............###.....
#..........'...............<..[..
#........###.............####..##
#........# #####.#........# #..
#........# #.#......#.# #..
########## #........#.# #.
###.g....#.#
#############.####.#.#
#...)......@g.# ....
#.############# ##g....
#..........## #..###.#
##..........# #..# # #....†<....#
#... #.....†....# ##..
##..........# #.......(...#
######..)........#


You could see 2 gnolls.

Vanquished Creatures
  Terence (D:2)
  Robin (D:2)
  3 gnolls
  A worm (D:2)
  A dart slug (D:1)
  4 endoplasms (D:1)
  2 giant cockroaches
  11 goblins
  6 hobgoblins
  3 kobolds
  A quokka (D:1)
  3 ball pythons (D:1)
  A bat (D:2)
  2 frilled lizards (D:2)
  4 rats
44 creatures vanquished.

Notes
Turn   | Place    | Note
-------+----------+-------------------------------------------
     0 | D:1      | mattiecakes the Gargoyle Fighter began the quest for the
                  | Orb.
     0 | D:1      | Reached XP level 1. HP: 14/14 MP: 1/1
   167 | D:1      | Reached XP level 2. HP: 20/20 MP: 2/2
   201 | D:1      | Reached skill level 4 in Fighting
   466 | D:1      | Reached XP level 3. HP: 23/24 MP: 3/3
   498 | D:1      | Found Rivinug's Jewellery Emporium.
   943 | D:2      | Noticed Robin
  1033 | D:1      | Reached skill level 5 in Fighting
  1102 | D:2      | Killed Robin
  1103 | D:2      | Reached XP level 4. HP: 31/31 MP: 4/4
  1143 | D:2      | Found a faded altar of an unknown god.
  1292 | D:2      | Found a runed translucent door.
  1293 | D:2      | Noticed Crazy Yiuf
  1316 | D:2      | Noticed Terence
  1332 | D:2      | Killed Terence
  1353 | D:2      | Reached skill level 6 in Fighting
  1353 | D:2      | Reached XP level 5. HP: 9/36 MP: 5/5
  1366 | D:2      | HP: 1/36 [gnoll/+0 halberd (11)]
  1371 | D:2      | Slain by a gnoll

Illustrated notes

Levels and vault maps discovered:
D:1:      amcnicky_arrival_double_pillar, layout_basic, serial_shops,
          nicolae_shop_trees
D:2:      layout_basic, shapermc_ecumenical_altar_pompeii, uniq_robin,
          uniq_crazy_yiuf_cottage, uniq_terence

Skill      XL: |  1  2  3  4 |
---------------+-------------+-----
Fighting       | 4 5 6 |  6.1
Maces & Flails | |  2.0
Armour         | |  3.2
Shields        | |  3.2

Action                     |  1- 3 |  4- 6 || total
---------------------------+-------+-------++-------
  Melee: Flail             |   123 |    49 ||   172
    Use: Potion            |       |     2 ||     2
 Armour: Scale mail        |   126 |    43 ||   169
  Dodge: Dodged            |    80 |    24 ||   104
  Block: Buckler           |    40 |    12 ||    52

Table legend: (Time is in decaauts)
 A = Elapsed time spent in this place.
 B = Non-inter-level travel time spent in this place.
 C = Inter-level travel time spent in this place.
 D = Time resting spent in this place.
 E = Time spent auto-exploring this place.
 F = Levels seen in this place.
 G = Mean time per level.
                   A        B        C        D        E       F      G
               +--------+--------+--------+--------+--------+-----+--------+
         Total |   1432 |   1409 |     23 |    137 |    889 |   2 |  716.0 |
       Dungeon |   1432 |   1409 |     23 |    137 |    889 |   2 |  716.0 |
               +--------+--------+--------+--------+--------+-----+--------+

Top non-repeatable levels by time:
     D:1: 1090 daAuts
     D:2: 341 daAuts
